 Dungeon Crawl Stone Soup version 0.25-a0-253-g6f1b5d974a (webtiles) character file.

Game seed: 7871837706888034916, levelgen mode: deterministic

3446 floatRand the Cleaver (level 9, -5/69 HPs)
             Began as a Demonspawn Gladiator on Dec 5, 2019.
             Was an Initiate of Qazlal.
             Slain by Grum
             ... wielding a +0 spear
              (11 damage)
             ... on level 8 of the Dungeon.
             The game lasted 00:08:29 (5750 turns).

floatRand the Cleaver (Demonspawn Gladiator)        Turns: 5750, Time: 00:08:30

Health: -5/69      AC:  9    Str: 16    XL:     9   Next: 77%
Magic:  0/14       EV:  5    Int: 10    God:    Qazlal [......]
Gold:   359        SH:  9    Dex: 16    Spells: 8/8 levels left

rFire    + . .     SeeInvis +   u - +4 trident
rCold    + . .     Gourm    .   E - +2 shield
rNeg     . . .     Faith    .   L - +0 chain mail {MR+}
rPois    .         Spirit   +   (helmet restricted)
rElec    .         Reflect  .   z - scarf {rC+ rF+}
rCorr    .         Harm     .   (no gloves)
MR       ++...                  (no boots)
Stlth    ..........             (no amulet)
HPRegen  0.21/turn              l - ring of see invisible
MPRegen  0.14/turn              n - ring of protection from magic

@: no status effects
A: antennae 1, claws 1, talons 1, powered by death 2, magic shield
a: Renounce Religion


You were on level 8 of the Dungeon.
You worshipped Qazlal.
Qazlal was noncommittal.
You were not hungry.

You visited 2 branches of the dungeon, and saw 9 of its levels.

You collected 425 gold pieces.
You spent 66 gold pieces at shops.

Inventory:

Hand Weapons
 a - a +1 war axe
 u - a +4 trident (weapon)
 v - a +0 whip of draining
 H - a +2 spear of freezing
Missiles
 m - 8 boomerangs (quivered)
 o - 76 poisoned darts
 w - 4 javelins
Armour
 b - a +0 leather armour
 c - a +0 helmet
 h - a +1 plate armour
 z - a scarf of resistance (worn)
 E - a +2 shield (worn)
 L - a +0 chain mail of magic resistance (worn)
Jewellery
 l - a ring of see invisible (left claw)
 n - a ring of protection from magic (right claw)
Wands
 d - a wand of paralysis (6)
 x - a wand of enslavement (2)
 D - a wand of acid (4)
Scrolls
 i - 3 scrolls of magic mapping
 k - 3 scrolls of identify
 r - 4 scrolls of teleportation
 t - a scroll of enchant weapon
 y - 2 scrolls of remove curse
 A - a scroll of fog
 B - a scroll of fear
 C - a scroll of enchant armour
 M - a scroll of summoning {unknown}
Potions
 e - 5 potions of lignification
 g - 3 potions of heal wounds
 j - 2 potions of degeneration {unknown}
 p - 4 potions of curing {unknown}
 q - 3 potions of brilliance {unknown}
 s - a potion of resistance {unknown}
 F - a potion of mutation {unknown}
 G - a potion of haste {unknown}
 I - a potion of ambrosia {unknown}
 K - a potion of agility {unknown}
Comestibles
 f - 12 rations
 J - 12 chunks of flesh


   Skills:
 + Level 6.2 Fighting
 - Level 8.9(9.1) Axes
 + Level 2.8(6.3) Polearms
 - Level 1.7 Throwing
 + Level 5.3 Armour
 - Level 2.6 Dodging
 * Level 6.8 Invocations


You had 8 spell levels left.
You didn't know any spells.
Your spell library contained the following spells:

 Spells                   Type           Power        Failure   Level  Hunger
 Animate Skeleton         Necr           N/A          100%        1    ##.....
 Apportation              Tloc           #.....       100%        1    ##.....
 Confusing Touch          Hex            #.....       100%        1    ##.....
 Sting                    Tmut/Pois      #...         100%        1    ##.....
 Summon Small Mammal      Summ           #...         100%        1    ##.....
 Call Imp                 Summ           #.......     100%        2    ###....
 Poisonous Vapours        Pois/Air       #.....       100%        2    ###....
 Call Canine Familiar     Summ           #.......     100%        3    ####...
 Confuse                  Hex            #.......     100%        3    ####...
 Gell's Gravitas          Tloc           #.........   100%        3    ####...
 Ignite Poison            Fire/Tmut/Pois #.......     100%        3    ####...
 Mephitic Cloud           Conj/Pois/Air  #.......     100%        3    ####...
 Summon Guardian Golem    Hex/Summ       #.......     100%        3    ####...
 Olgreb's Toxic Radiance  Pois           #.......     100%        4    #####..
 Petrify                  Tmut/Erth      #.......     100%        4    #####..
 Summon Ice Beast         Ice/Summ       #.......     100%        4    #####..
 Summon Lightning Spire   Summ/Air       #.......     100%        4    #####..
 Metabolic Englaciation   Hex/Ice        #.........   100%        5    ######.
 Yara's Violent Unravell  Hex/Tmut       #.........   100%        5    ######.


Dungeon Overview and Level Annotations

Branches:
Dungeon (8/15)             Temple (1/1) D:7
   Lair: D:8-11

Altars:
Ashenzari
Cheibriados
Dithmenos
Fedhas
Gozag
Hepliaklqana
Kikubaaqudgha
Makhleb
Nemelex Xobeh
Okawaru
Qazlal
Ru
Sif Muna
Trog
Uskayaw
Vehumet
Wu Jian
Yredelemnul
Zin
The Shining One

Shops:
D:4 *

Annotations:
D:8 Grum


Innate Abilities, Weirdness & Mutations

You have a pair of small antennae on your head.
You have sharp fingernails.
You have sharp toenails.
You regenerate health from kills.
When hurt, damage is shared between your health and your magic reserves.


Message History

Grum is moderately wounded.
Grum hits you but does no damage. You block Grum's attack.
You completely miss Grum.
Grum is moderately wounded.
Grum hits you but does no damage.
Unknown command.
Your chain mail prevents you from hitting Grum.
You claw Grum, but do no damage.
Grum is moderately wounded.
Grum hits you with a +0 spear!
* * * LOW HITPOINT WARNING * * *
Unknown command.
You hit Grum. You claw Grum.
Grum is heavily wounded.
Grum hits you with a +0 spear.
* * * LOW HITPOINT WARNING * * *
You hit Grum.
Grum is heavily wounded.
Grum hits you with a +0 spear!
You die...

. ............#.....#
................#.....#
..........>..........#
.#.... ##..........####
......##.....#....## .#
..............## ..
##.#..........#
.###>.###....###.#
.#...#.....).# #@#
.#.##..##....# #g##
<.....####....##Kh##
......# #.##..KKKK####
..(...####.####.5..(..#
...........# #.....(.#
#.##...##..# ##......#
#.####.....####.........
#.#
###..................


You could see Grum, a big kobold, a wolf, a shadow imp and 4 kobolds.

Vanquished Creatures
  Harold (D:8)
  Sigmund (D:6)
  A wyvern (D:8)
  Menkaure (D:7)
  Duvessa (D:6)
  A sky beast (D:5)
  A phantom (D:8)
  An ogre (D:7)
  A wolf (D:8)
  3 centaurs
  A big kobold (D:7)
  3 bullfrogs
  Blork the orc (D:5)
  Dowan (D:6)
  A scorpion (D:7)
  4 crimson imps
  A centaur zombie (D:7)
  4 hounds
  2 orc priests (D:8)
  A centaur skeleton (D:4)
  3 jellies
  7 orc wizards
  A bullfrog skeleton (D:5)
  Ijyb (D:4)
  Natasha (thrice) (D:4)
  2 iguanas
  6 worker ants
  2 howler monkey skeletons
  9 adders
  2 shadow imps
  An ooze (D:4)
  A worm (D:2)
  2 dart slugs (D:1)
  4 leopard geckos
  10 orcs
  3 ball pythons
  15 giant cockroaches
  6 goblins
  5 hobgoblins
  11 jackals
  2 quokkas
  8 bats
  4 frilled lizards
  14 kobolds
  A quokka skeleton (D:4)
  7 rats
161 creatures vanquished.

Notes
Turn   | Place    | Note
-------+----------+-------------------------------------------
     0 | D:1      | floatRand the Demonspawn Gladiator began the quest for the
                  | Orb.
     0 | D:1      | Reached XP level 1. HP: 16/16 MP: 1/1
    47 | D:1      | Reached skill level 3 in Axes
    63 | D:1      | Gained mutation: You have sharp toenails. [demonic
                  | ancestry]
    63 | D:1      | Reached XP level 2. HP: 3/22 MP: 2/2
   643 | D:1      | Gained mutation: You regenerate a little health from kills.
                  | [demonic ancestry]
   643 | D:1      | Reached XP level 3. HP: 27/27 MP: 3/3
   909 | D:1      | Reached skill level 4 in Axes
  1099 | D:2      | Reached XP level 4. HP: 33/33 MP: 4/4
  1308 | D:2      | Found a burning altar of Makhleb.
  1323 | D:2      | Reached skill level 5 in Axes
  1643 | D:3      | Found an ornate altar of the Wu Jian Council.
  1652 | D:3      | Found a bloodstained altar of Trog.
  1659 | D:3      | Found an opulent altar of Gozag.
  1759 | D:3      | Found a basalt altar of Yredelemnul.
  1805 | D:3      | Gained mutation: You regenerate health from kills. [demonic
                  | ancestry]
  1805 | D:3      | Reached XP level 5. HP: 38/38 MP: 5/5
  2419 | D:4      | Noticed Natasha
  2421 | D:4      | Killed Natasha
  2434 | D:4      | Noticed Natasha
  2438 | D:4      | Killed Natasha
  2438 | D:4      | Reached skill level 6 in Axes
  2456 | D:4      | Gained mutation: You have a pair of small antennae on your
                  | head. [demonic ancestry]
  2456 | D:4      | Reached XP level 6. HP: 40/44 MP: 6/6
  2622 | D:4      | Found Pyod's Assorted Antiques.
  2630 | D:4      | Bought a scroll labeled ZAUFUH ZULY for 35 gold pieces
  2630 | D:4      | Bought a brown potion for 31 gold pieces
  2708 | D:4      | Noticed Natasha
  2717 | D:4      | Killed Natasha
  2717 | D:4      | Reached skill level 1 in Armour
  2941 | D:4      | Noticed Ijyb
  2953 | D:4      | Killed Ijyb
  3121 | D:5      | Entered Level 5 of the Dungeon
  3173 | D:5      | Noticed a sky beast
  3186 | D:5      | Killed a sky beast
  3186 | D:5      | Reached XP level 7. HP: 52/52 MP: 7/7
  3214 | D:5      | Reached skill level 7 in Axes
  3442 | D:5      | Noticed Blork the orc
  3454 | D:5      | Killed Blork the orc
  3902 | D:6      | Noticed Sigmund
  3910 | D:6      | Killed Sigmund
  4030 | D:6      | Gained mutation: You have sharp fingernails. [demonic
                  | ancestry]
  4030 | D:6      | Reached XP level 8. HP: 60/60 MP: 8/8
  4273 | D:6      | Reached skill level 8 in Axes
  4275 | D:6      | Noticed Duvessa
  4275 | D:6      | Noticed Dowan
  4288 | D:6      | Killed Dowan
  4291 | D:6      | Killed Duvessa
  4832 | D:7      | Reached skill level 5 in Fighting
  4837 | D:7      | Found a staircase to the Ecumenical Temple.
  4856 | Temple   | Entered the Ecumenical Temple
  4861 | Temple   | Became a worshipper of Qazlal Stormbringer
  4917 | D:7      | Noticed Menkaure
  4926 | D:7      | Killed Menkaure
  5119 | D:7      | Gained mutation: When hurt, damage is shared between your
                  | health and your magic reserves. [demonic ancestry]
  5119 | D:7      | Reached XP level 9. HP: 52/68 MP: 10/10
  5528 | D:8      | Reached skill level 1 in Polearms
  5596 | D:8      | Found a shimmering blue altar of Sif Muna.
  5639 | D:8      | Noticed Harold
  5662 | D:8      | Killed Harold
  5662 | D:8      | Reached skill level 5 in Armour
  5727 | D:8      | Noticed Grum
  5750 | D:8      | Slain by Grum

Levels and vault maps discovered:
D:1:      psy_arrival_dodecagon, layout_loops_ring
D:2:      minmay_roachtagon, layout_rooms, makhleb_heckhound_becter
D:3:      layout_loops_cross, minmay_overflow_temple_star_quad,
          yredelemnul_altar_generic
D:4:      layout_loops_ring, serial_shops, shop_fountains, first_ration,
          uniq_ijyb, uniq_natasha
D:5:      layout_basic, uniq_blork_the_orc
D:6:      layout_basic, uniq_sigmund, uniq_duvessa
D:7:      layout_rooms, minmay_temple_entry_waves, kennysheep_generic_room_13,
          uniq_menkaure
D:8:      layout_rooms, lemuel_round_altar, enter_bailey_3,
          gammafunk_ghost_hydra_chop, uniq_harold, uniq_grum
Temple:   minmay_freezing_vapour_temple

Skill      XL: |  1  2  3  4  5  6  7  8  9 |
---------------+----------------------------+-----
Axes           | 3 4 5 6 7 8 |  8.9
Armour         | 1 2 4 5 |  5.3
Fighting       | 3 5 6 |  6.2
Invocations    | 2 6 |  6.8
Polearms       | 2 |  2.8
Throwing       | |  1.7
Dodging        | |  2.6

Action                   |  1- 3 |  4- 6 |  7- 9 || total
-------------------------+-------+-------+-------++-------
Melee: War axe           |   130 |   169 |   142 ||   441
       Kick              |    17 |    45 |    82 ||   144
       Trident           |       |       |    95 ||    95
Throw: Throwing net      |       |     4 |     1 ||     5
Evoke: Wand              |       |       |     6 ||     6
  Use: Scroll            |       |    13 |     2 ||    15
       Potion            |       |       |     1 ||     1
 Stab: Held in net/web   |       |     2 |       ||     2
  Eat: Chunk             |     1 |     7 |     8 ||    16
Armor: Leather armour    |    28 |       |       ||    28
       Plate armour      |    93 |   148 |   138 ||   379
       Chain mail        |       |       |    11 ||    11
Dodge: Dodged            |    80 |    26 |    23 ||   129
Block: Shield            |       |       |    95 ||    95

Table legend:
 A = Non-vault XP
 B = Vault XP
 C = Vault XP percentage of total XP
 D = Non-vault monster count
 E = Vault monster count
 F = Vault count percentage of total count
                 A         B        C        D         E       F
            +---------+---------+-------+---------+---------+-------
      Total |    2769 |    2154 |  43.8 |     142 |      19 |  11.8
            +---------+---------+-------+---------+---------+-------
        D:1 |      56 |       0 |   0.0 |      33 |       0 |   0.0
        D:2 |      63 |      59 |  48.4 |      20 |       8 |  28.6
        D:3 |     101 |       0 |   0.0 |      13 |       0 |   0.0
        D:4 |     355 |      73 |  17.1 |      19 |       2 |   9.5
        D:5 |     323 |      94 |  22.5 |      12 |       1 |   7.7
        D:6 |     404 |     442 |  52.2 |      12 |       3 |  20.0
        D:7 |     703 |     390 |  35.7 |      19 |       3 |  13.6
        D:8 |     764 |    1096 |  58.9 |      14 |       2 |  12.5
            +---------+---------+-------+---------+---------+-------
